AoeStats
← mandalvarado

Black Forest

509805249Analyzed
3v3 RM · 5d ago on Sep 28, 2026· 43m 51s· 6 players
Game mode
Random Map
Map size
Normal (6 player)
Population
200
Speed
Normal
Resources
Standard
Victory
Conquest
Starting age
Dark Age
Ending age
Imperial Age
RankedLock teamsTeams togetherTeam positionsShared explorationLock speedFull tech treeHidden civsTurbo modeCheats
Victory
Defeat
🇦🇷 Danes · Argentina
858
+14
🇨🇷 Aztecs · Costa Rica
831
+15
🇨🇱 Ethiopians · Chile
826
+15
🇺🇸 Spanish · United States
870
-17
🇺🇸 Bulgarians · United States
797
-14
🇺🇸 Varangians · United States
769
-13
Brauliomagno
1:13 Loom
12:05 Feudal Age
13:02 Double-Bit Axe
13:32 Fishing Lines
19:39 Castle Age
17:57 Stone Mining
21:06 Arson
26:07 Murder Holes
26:34 Fletching
27:29 Horse Collar
29:34 Ballistics
34:44 Imperial Age
33:02 Masonry
35:49 Conscription
36:04 Bow Saw
39:17 Chemistry
39:53 Wheelbarrow
41:19 Heavy Plow
41:47 Gold Mining
43:25 Hand Cart
43:44 Elite Jomsviking
Necropulpectomía
0:28 Loom
9:51 Loom
11:58 Feudal Age
13:45 Wheelbarrow
14:22 Double-Bit Axe
15:45 Horse Collar
19:16 Castle Age
20:59 Hand Cart
22:49 Heavy Plow
23:07 Bow Saw
22:50 Gold Mining
22:54 Stone Mining
28:35 Imperial Age
27:55 Fletching
28:06 Padded Archer Armor
28:29 Ballistics
28:21 Masonry
30:32 Gold Shaft Mining
30:59 Two-Man Saw
31:10 Chemistry
30:15 Bodkin Arrow
30:56 Caravan
31:37 Thumb Ring
30:53 Crossbowman
31:45 Bracer
33:16 Arbalester
42:05 Siege Engineers
mandalvarado
0:29 Loom
11:45 Feudal Age
13:48 Fishing Lines
18:49 Castle Age
17:14 Double-Bit Axe
18:41 Stone Mining
18:43 Gold Mining
20:02 Wheelbarrow
25:00 Bow Saw
27:20 Hand Cart
27:09 Gillnets
31:43 Imperial Age
29:57 Caravan
30:57 Man-at-Arms
31:22 Gambesons
31:42 Atlatl
31:31 Horse Collar
31:39 Long Swordsman
32:31 Forging
32:42 Squires
33:50 Two-Handed Swordsman
34:46 Champion
35:17 Capped Ram
35:25 Elite Jaguar Warrior
37:02 Iron Casting
36:29 Scale Mail Armor
36:50 Garland Wars
37:01 Siege Ram
40:41 Blast Furnace
39:56 Chain Mail Armor
Mel Gibson
2:59 Loom
12:35 Feudal Age
14:13 Double-Bit Axe
16:36 Wheelbarrow
18:38 Castle Age
17:52 Stone Mining
17:48 Horse Collar
23:21 Heavy Plow
24:57 Murder Holes
27:44 Bow Saw
28:12 Caravan
28:23 Arson
29:51 Gambesons
30:53 Hand Cart
31:51 Squires
33:32 Forging
33:23 Scale Mail Armor
34:54 Town Watch
38:39 Imperial Age
36:07 Gold Mining
36:29 Fletching
38:26 Treadmill Crane
38:57 Masonry
38:36 Pikeman
40:11 Elite Skirmisher
conflux
3:25 Loom
12:02 Feudal Age
12:37 Horse Collar
12:45 Double-Bit Axe
18:11 Castle Age
18:07 Wheelbarrow
19:24 Bow Saw
19:17 Heavy Plow
22:21 Stone Mining
23:47 Gold Mining
24:45 Hand Cart
25:02 Bloodlines
28:10 Scale Barding Armor
28:16 Forging
32:39 Iron Casting
32:25 Chain Barding Armor
33:12 Husbandry
34:34 Stone Shaft Mining
34:24 Caravan
38:04 Imperial Age
35:04 Light Cavalry
35:39 Fletching
36:56 Bodkin Arrow
38:07 Hussar
40:32 Blast Furnace
40:07 Plate Barding Armor
41:08 Conscription
43:33 Bracer
43:34 Padded Archer Armor
43:49 Thumb Ring
43:06 Elite Skirmisher
xafer56
9:42 Loom
18:25 Feudal Age
19:17 Double-Bit Axe
23:03 Castle Age
38:31 Forging
Connection lost

Rejoining the realm…

Still unreachable

The connection could not be restored.

Session expired

The server has moved on; the page needs a fresh start.